 Dungeon Crawl Stone Soup version 0.16.0-11-gd45b091 (console) character file.

107 gw the Chucker (level 4, 0/35 HPs)
             Began as a Merfolk Hunter on Mar 18, 2015.
             Was an Initiate of the Shining One.
             Slain by Sigmund
             ... wielding a +2 scythe of pain
              (6 damage)
             ... on level 3 of the Dungeon.
             The game lasted 00:01:32 (1671 turns).

gw the Chucker (Merfolk Hunter)                     Turns: 1671, Time: 00:01:32

Health: 0/35       AC:  9    Str: 12    XL:     4   Next: 85%
Magic:  4/4        EV: 12    Int: 10    God:    the Shining One [......]
Gold:   49         SH:  0    Dex: 14    Spells: 0 memorised, 3 levels left

rFire  . . .     SeeInvis .     a - +0 short sword
rCold  . . .     Clarity  .     j - +0 ring mail
rNeg   . . .     SustAb   .     (no shield)
rPois  .         Gourm    .     (no helmet)
rElec  .         Spirit   .     (no cloak)
rCorr  .         Warding  .     (no gloves)
rMut   .         Stasis   .     (no boots)
MR     .....                    (no amulet)
Stlth  +.........               (no ring)
                                (no ring)

@: lethally poisoned (0 -> -6), not resistant to hostile enchantments, very
unstealthy
A: change form in water, swift swim, rough black scales 1, mutation resistance 1
a: Renounce Religion


You were on level 3 of the Dungeon.
You worshipped the Shining One.
The Shining One was noncommittal.
You were not hungry.

You visited 1 branch of the dungeon, and saw 3 of its levels.

You collected 49 gold pieces.

Inventory:

Hand weapons
 a - a +0 short sword (weapon)
Missiles
 b - 2 javelins (quivered)
 c - 3 throwing nets
 k - 88 stones
Armour
 j - a +0 ring mail (worn)
Magical devices
 e - a wand of slowing (22)
Scrolls
 i - a scroll of remove curse
 n - a scroll of identify
Comestibles
 f - 4 bread rations
 g - 2 royal jellies
 h - a meat ration


   Skills:
 + Level 3.2 Fighting
 * Level 5.0 Throwing
 + Level 3.8 Dodging
 - Level 1.1 Stealth
 + Level 0.4 Invocations


You had 3 spell levels left.
You didn't know any spells.

Dungeon Overview and Level Annotations

Branches:
Dungeon (3/15)

Altars:
Fedhas
Kikubaaqudgha
Okawaru
The Shining One

Annotations:
D:3 Sigmund


Innate Abilities, Weirdness & Mutations

You revert to your normal form in water.
You are very nimble and swift while swimming.
You are partially covered in rough black scales (AC +4, Dex -1).
You are somewhat resistant to further mutation.


Message History

The adder misses you. Something barely misses you. The adder bites you.
Unknown command.
Unknown command.
Unknown command.
Unknown command.
ATTACKING (-1,0)
You closely miss the adder.
The adder is severely wounded.
The adder closely misses you. Something hits you.
You writhe in agony.
Unknown command.
Unknown command.
Unknown command.
Unknown command.
ATTACKING (-1,0)
You closely miss the adder.
The adder is severely wounded.
The adder bites you.
You are lethally poisoned!
The adder poisons you! Something hits you.
You die...

########
........
##....#########
#....{Sm......#
#.....#######.#
#....)# #.#
#(....# #.#
#.....# #.#
#.....# #.#
#.....#
#.##########
#.#####
#.#.[....... .
#.#.########


You could see an adder.

Table legend:
 A = Turns spent in this place as a percentage of turns spent in the entire game.
 B = Non-inter-level travel turns spent in this place as a percentage of non-inter-level travel turns spent in the entire game.
 C = Inter-level travel turns spent in this place as a percentage of turns spent in this place.
 D = Turns resting spent in this place as a percentage of non-inter-level travel turns spent in this place.
 E = Turns spent auto-exploring this place as a percentage of non-inter-level travel turns spent in this place.
 F = Non-inter-level travel turns spent in this place divided by the number of levels of this place that you've seen.
                   A       B       C       D       E      F
               +-------+-------+-------+-------+-------+----------------------
         Total | 100.0 | 100.0 |   0.2 |   0.6 |   3.2 | 943.0
       Dungeon | 100.0 | 100.0 |   0.2 |   0.6 |   3.2 | 943.0
               +-------+-------+-------+-------+-------+----------------------

Table legend:
 A = Kills in this place as a percentage of kills in entire the game.
 B = Kills by you in this place as a percentage of kills by you in the entire game.
 C = Kills by friends in this place as a percentage of kills by friends in the entire game.
 D = Other kills in this place as a percentage of other kills in the entire game.
 E = Experience gained in this place as a percentage of experience gained in the entire game.
 F = Experience gained in this place divided by the number of levels of this place that you have seen.
                   A       B       C       D       E      F
               +-------+-------+-------+-------+-------+----------------------
         Total | 100.0 | 100.0 |  -nan |  -nan | 100.0 |  51.0
       Dungeon | 100.0 | 100.0 |  -nan |  -nan | 100.0 |  51.0
               +-------+-------+-------+-------+-------+----------------------

Vanquished Creatures
  6 adders
  A giant gecko (D:1)
  An orc (D:3)
  A ball python (D:1)
  4 hobgoblins
  4 jackals
  6 kobolds
  9 bats
  2 giant cockroaches
  2 giant newts
  10 goblins
  4 rats
50 creatures vanquished.

Notes
Turn   | Place    | Note
--------------------------------------------------------------
     0 | D:1      | gw, the Merfolk Hunter, began the quest for the Orb.
     0 | D:1      | Reached XP level 1. HP: 16/16 MP: 1/1
   252 | D:1      | Reached XP level 2. HP: 21/23 MP: 2/2
   476 | D:1      | Reached XP level 3. HP: 28/28 MP: 3/3
   900 | D:2      | Reached XP level 4. HP: 33/35 MP: 4/4
  1107 | D:2      | Found a glowing golden altar of the Shining One.
  1114 | D:2      | Became a worshipper of the Shining One
  1160 | D:2      | Reached skill level 5 in Throwing
  1245 | D:2      | Found an ancient bone altar of Kikubaaqudgha.
  1246 | D:2      | Found a blossoming altar of Fedhas.
  1269 | D:2      | Found an iron altar of Okawaru.
  1541 | D:2      | Gained mutation: You are partially covered in rough black scales (AC +4, Dex -1). [potion of mutation]
  1541 | D:2      | Gained mutation: You are somewhat resistant to further mutation. [potion of mutation]
  1655 | D:3      | Noticed Sigmund
  1671 | D:3      | Slain by Sigmund

Action                   |  1- 3 |  4- 6 || total
-------------------------+-------+-------++-------
Melee: Short sword       |    28 |    53 ||    81
Throw: Javelin           |    44 |    12 ||    56
       Stone             |     3 |       ||     3
  Use: Scroll            |     5 |     2 ||     7
       Potion            |     2 |     1 ||     3
  Eat: Chunk             |       |     2 ||     2

Vault maps used:
D:1:      lordsloth_arrival_two_stooges
D:2:      okawaru_metal_pillars_3, grunt_temple_overflow_growth_and_decay,
          nicolae_overflow_crystal_walls, first_bread
D:3:      nemelex_xobeh_ov_fountains_minmay, uniq_sigmund, uniq_purgy
